 Dungeon Crawl Stone Soup version 0.25-a0-591-g2ad0d86 (webtiles) character file.

Game seed: 13623235464238110376, levelgen mode: deterministic

182875 Trolling the Brawler (level 17, -9/175 HPs)
             Began as a Troll Fighter on Mar 13, 2020.
             Was a High Priest of Trog.
             Mangled by a large abomination (27 damage)
             ... created by a deep elf death mage
             ... on level 3 of the Elven Halls.
             The game lasted 01:43:28 (32356 turns).

Trolling the Brawler (Troll Fighter)               Turns: 32356, Time: 01:43:29

Health: -9/175     AC: 16    Str: 33    XL:     17   Next: 72%
Magic:  22/22      EV: 13    Int:  7    God:    Trog [*****.]
Gold:   647        SH: 12    Dex: 13    Spells: 16/16 levels left

rFire    + + .     SeeInvis +     - Unarmed
rCold    . . .     Gourm    +   b - +0 kite shield
rNeg     + . .     Faith    .   u - +0 fire dragon scales
rPois    .         Spirit   .   y - +1 hat
rElec    .         Reflect  .   (no cloak)
rCorr    .         Harm     .   (gloves unavailable)
MR       +++..                  (boots unavailable)
Stlth    ..........             N - macabre finger necklace {rN+}
HPRegen  0.79/turn              P - ring of Symmetry {rF+ rC+ Dex+4}
MPRegen  0.18/turn              v - ring of Lugonu's Castigation {+Inv rF- Slay+5 SInv Stlth-}
                                C - ring of the Mage {Wiz MR++ Int+3}

@: berserk cooldown, hasted, very quick
A: large, unfitting armour, claws 3, fast metabolism 3, gourmand, regeneration
1, shaggy fur 1, tough skin 3
a: Berserk, Trog's Hand, Brothers in Arms, Renounce Religion, Evoke Invisibility


You were on level 3 of the Elven Halls.
You worshipped Trog.
Trog was extremely pleased with you.
You were not hungry.

You visited 6 branches of the dungeon, and saw 28 of its levels.
You also visited: Gauntlet and Volcano.

You collected 3059 gold pieces.
You spent 2412 gold pieces at shops.

Inventory:

Hand Weapons
 I - a +1 hunting sling of freezing
Missiles
 k - 12 large rocks (quivered)
 l - 4 throwing nets
 r - 31 poisoned darts
 s - 16 silver javelins
 w - 100 sling bullets
 M - 4 datura-tipped darts
 Q - 7 curare-tipped darts
 S - 13 atropa-tipped darts
Armour
 b - a +0 kite shield (worn)
 u - +0 fire dragon scales (worn)
 x - a +2 robe of cold resistance
 y - a +1 hat (worn)
 T - the -3 cloak of Unambiguity {+Fly Regen+ Str-3 Stlth+}
   (You found it in a Gauntlet)

   It affects your strength (-3).
   It lets you fly.
   It increases your rate of regeneration.
   It makes you more stealthy.
 Y - a scarf of cloud immunity
Jewellery
 h - an uncursed ring of protection from fire
 v - the ring of Lugonu's Castigation (right claw) {+Inv rF- Slay+5 SInv Stlth-}
   (You found it on level 11 of the Dungeon)

   [ring of slaying]

   It affects your accuracy and damage with ranged weapons and melee attacks
   (+5).
   It makes you vulnerable to fire.
   It lets you see invisible.
   It lets you turn invisible.
   It makes you less stealthy.
 C - the ring of the Mage (on amulet) {Wiz MR++ Int+3}
   (You bought it in a shop on level 2 of the Orcish Mines)

   [ring of wizardry]

   It improves your spell success rate.
   It affects your intelligence (+3).
   It affects your resistance to hostile enchantments.
 D - an uncursed ring of poison resistance
 F - an uncursed ring of positive energy
 N - the macabre finger necklace (around neck) {rN+}
   (You found it in a Gauntlet)

   [amulet of nothing]

   It protects you from negative energy.
 P - the ring of Symmetry (left claw) {rF+ rC+ Dex+4}
   (You bought it in a shop on level 2 of the Orcish Mines)

   [ring of protection from fire]

   It affects your dexterity (+4).
   It protects you from fire.
   It protects you from cold.
 V - a +5 ring of evasion
 Z - the amulet "Cais" {Reflect rElec Int+2 SH+3}
   (You took it off a minotaur in a Gauntlet)

   [amulet of reflection]

   It shields you and reflects attacks.
   It affects your intelligence (+2).
   It insulates you from electricity.
   It affects your SH (+3).
Wands
 E - a wand of iceblast (38)
 H - a wand of digging (12)
 L - a wand of acid (2)
 W - a wand of scattershot (13)
 X - a wand of clouds (10)
Scrolls
 c - a scroll of magic mapping
 e - 6 scrolls of enchant weapon
 g - 5 scrolls of immolation
 j - 8 scrolls of remove curse
 m - 6 scrolls of teleportation
 o - 3 scrolls of fog
 p - 3 scrolls of blinking
 t - 5 scrolls of identify
 z - a scroll of summoning
 J - 3 scrolls of enchant armour
 R - 2 scrolls of holy word
Potions
 a - a potion of resistance
 f - 15 potions of curing
 i - 2 potions of might
 n - 5 potions of lignification
 q - a potion of flight
 A - 7 potions of mutation
 B - 2 potions of magic
 G - a potion of haste
 K - 5 potions of heal wounds
Miscellaneous
 O - 2 phantom mirrors
Comestibles
 d - 43 rations


   Skills:
 + Level 12.5 Fighting
 + Level 10.5 Throwing
 + Level 9.6 Armour
 + Level 10.0 Dodging
 - Level 9.0 Shields
 + Level 16.2 Unarmed Combat
 + Level 8.8 Evocations


You had 16 spell levels left.
You didn't know any spells.
Your spell library contained the following spells:

 Spells                   Type           Power        Failure   Level  Hunger
 Magic Dart               Conj           #...         32%         1    ##.....
 Blink                    Tloc           N/A          45%         2    ###....
 Call Imp                 Summ           #.......     45%         2    ###....
 Slow                     Hex            #.......     45%         2    ###....
 Conjure Flame            Conj/Fire      #.......     69%         3    ####...
 Mephitic Cloud           Conj/Pois/Air  #.......     69%         3    ####...


Dungeon Overview and Level Annotations

Branches:
Dungeon (15/15)            Temple (1/1) D:7            Lair (6/6) D:8
 Shoals (0/4) Lair:3       Spider (0/4) Lair:2        Slime (0/5) Lair:5
    Orc (2/2) D:11            Elf (3/3) Orc:2        Vaults (0/5) D:14
 Depths (1/5) D:15        Volcano (visited)         Gauntlet (visited)

Altars:
Ashenzari
Cheibriados
Dithmenos
Elyvilon
Fedhas
Gozag
Hepliaklqana
Kikubaaqudgha
Makhleb
Nemelex Xobeh
Okawaru
Qazlal
Ru
Sif Muna
Trog
Uskayaw
Vehumet
Wu Jian
Xom
Yredelemnul
Zin
The Shining One
Beogh
Jiyva

Shops:
D:4 =   D:14 *   Orc:2 (*=[   Elf:1 }=}   Elf:3 =

Annotations:
D:12 3 runed translucent doors, Anathematize's ghost, journeyman DEWz
D:13 3 runed translucent doors, Geaxo's ghost, journeyman FeTm
Elf:1 3 runed translucent doors, Dos Moze's ghost, adept TeAE
Elf:2 5 runed translucent doors
Elf:3 1 exclusion


Innate Abilities, Weirdness & Mutations

You are too large for most types of armour.
You have claws for hands.
Your metabolism is lightning-fast.
You like to eat raw meat.
Your natural rate of healing is unusually fast.
You are covered in fur. (AC +1)
You have extremely tough skin. (AC +3)


Message History

You feel yourself speed up.
The ghostly deep elf death mage hits you with the +7 great mace "Firestarter" {inner flame, rF++}!
* * * LOW HITPOINT WARNING * * *
The ghostly deep elf death mage burns you.
* * * LOW HITPOINT WARNING * * *
You mangle the ghostly deep elf death mage!!
The ghostly deep elf death mage is almost destroyed.
You barely miss the ghostly deep elf death mage.
The ghostly deep elf death mage is almost destroyed.
Unknown command.
You claw the ghostly deep elf death mage!
You destroy the ghostly deep elf death mage!
Trog accepts your kill.
Trog appreciates your killing of a magic user.
You claw the large abomination!
The large abomination is lightly damaged.
You mangle the large abomination!!
The large abomination is heavily damaged.
The large abomination hits you!!
You die...

*** #(# ***** # #.# # #e# # #.# #
#(# # ##.## #
############...##################
...#...........#.<.........'.....
...#..........(#@..........#.....
...'..........)X)........(.#.....
##)#####'########'########(#####'
........)...............)....)...
.................................
#################################
≈≈≈≈≈≈≈≈≈≈≈≈≈≈≈≈≈≈≈≈≈≈≈≈≈≈≈≈≈≈≈≈≈
≈≈≈≈≈≈≈≈≈≈≈≈≈≈≈≈≈≈≈≈≈≈≈≈≈≈≈≈≈≈≈≈≈
.)......^........................


You could see a large abomination.

Vanquished Creatures
  Rupert (D:13)
  3 deep elf blademasters (Elf:3)
  Frances (Elf:1)
  5 deep elf master archers (Elf:3)
  3 deep elf sorcerers
  An orc warlord (Orc:2)
  3 deep elf elementalists
  An entropy weaver (Gauntlet)
  The ghost of Voakhlei the Martial Artist, a journeyman MfTm of Kikubaaqudgha (Lair:4)
  3 deep elf annihilators
  A minotaur (Gauntlet)
  Snorg (D:14)
  2 ettins
  2 fire dragons
  5 deep elf death magi (Elf:3)
  7 hydras
  Fannar (Orc:1)
  Harold (D:7)
  4 vault guards
  Erica (D:10)
  3 centaur warriors
  17 dancing weapons
  5 death yaks (Lair:4)
  5 orc high priests (Orc:2)
  A tengu warrior (D:14)
  12 two-headed ogres
  8 deep elf knights
  Sonja (Lair:5)
  5 skeletal warriors (D:13)
  An unseen horror (D:13)
  A swamp dragon (Lair:6)
  Pikel (D:4)
  12 deep elf archers
  3 orc knights
  A lindwurm (Volcano)
  54 deep elf magi
  A wolf spider (Gauntlet)
  10 ugly things
  3 cyclopes
  5 orc sorcerers
  6 manticores
  A merfolk siren (Lair:3)
  A moth of wrath (Gauntlet)
  A salamander (shapeshifter) (Elf:2)
  2 centaur zombies (D:13)
  Joseph (D:9)
  7 elephants
  Maurice (D:9)
  4 black mambas
  Psyche (D:9)
  5 gargoyles
  13 spiny frogs
  4 orange demons (D:13)
  2 torpor snails
  2 kobold demonologists (D:14)
  4 rime drakes
  An efreet (D:15)
  5 komodo dragons
  11 trolls
  A jumping spider (Gauntlet)
  A polar bear (D:15)
  A queen bee (Lair:3)
  4 slime creatures
  A polar bear (shapeshifter) (D:15)
  6 dream sheep (Lair:2)
  41 blink frogs
  7 hippogriffs
  A water elemental (D:15)
  3 air elementals
  A spriggan (shapeshifter) (Elf:2)
  2 wraiths
  2 fire bats (Volcano)
  5 centaur simulacra
  Sigmund (D:4)
  3 vampires
  4 wyverns
  A spriggan (D:9)
  A hog (shapeshifter) (D:14)
  A fire bat (shapeshifter) (D:15)
  7 basilisks
  51 yaks
  6 fire elementals
  3 hungry ghosts
  3 vampire mosquitoes (D:13)
  Menkaure (D:4)
  3 wargs
  4 steam dragons
  2 swamp worms (Lair:3)
  12 water moccasins
  5 acid dragons
  4 sky beasts
  2 hell hounds (Volcano)
  9 porcupines
  2 slaves (D:4)
  A swamp drake (Lair:6)
  9 ice beasts
  A meliai simulacrum (D:15)
  An eye of draining (D:11)
  22 orc warriors
  3 black bears
  8 boggarts
  2 necrophages
  A wolf (shapeshifter) (D:15)
  20 centaurs
  17 ogres
  26 wolves
  8 crocodiles
  5 big kobolds
  Blork the orc (D:5)
  13 bullfrogs
  2 earth elementals
  10 scorpions
  2 wyvern skeletons
  39 killer bees
  A howler monkey (D:13)
  An electric eel (Elf:3)
  9 crimson imps
  2 quasits
  2 bullfrog zombies (D:9)
  4 hounds
  18 orc priests
  3 jellies
  2 bullfrog skeletons
  4 centaur skeletons
  Ijyb (D:4)
  Natasha (thrice) (D:4)
  9 iguanas
  15 orc wizards
  11 worker ants
  3 hound skeletons
  3 worker ant zombies
  16 adders
  2 river rats (Lair:3)
  2 shadow imps
  2 white imps (D:15)
  An adder zombie (D:6)
  6 worms
  4 dart slugs
  4 leopard geckos
  66 orcs
  A ball python (D:1)
  9 giant cockroaches
  7 goblins
  7 hobgoblins
  21 jackals
  25 kobolds
  2 quokkas
  14 bats
  2 frilled lizards (D:4)
  2 jackal skeletons (D:5)
  A quokka zombie (D:5)
  6 rats
  2 bushes (Lair:1)
  6 plants
959 creatures vanquished.

Vanquished Creatures (others)
  2 deep elf knights (Elf:1)
  2 deep elf archers (Elf:1)
  A hornet (shapeshifter) (D:15)
  A water elemental (Elf:1)
  2 orcs (D:11)
  2 demonic plants (Gauntlet)
  17 fungi
  9 plants
  A withered plant (Gauntlet)
37 creatures vanquished.

Grand Total: 996 creatures vanquished

Notes
Turn   | Place    | Note
-------+----------+-------------------------------------------
     0 | D:1      | Trolling the Troll Fighter began the quest for the Orb.
     0 | D:1      | Reached XP level 1. HP: 22/22 MP: 0/0
   118 | D:1      | Reached XP level 2. HP: 26/29 MP: 1/1
   924 | D:2      | Reached XP level 3. HP: 36/36 MP: 2/2
   954 | D:2      | Reached skill level 3 in Unarmed Combat
  1198 | D:2      | Reached XP level 4. HP: 44/44 MP: 3/3
  1770 | D:3      | Noticed a centaur
  1779 | D:3      | Killed a centaur
  1779 | D:3      | Reached skill level 4 in Unarmed Combat
  1779 | D:3      | Reached XP level 5. HP: 17/53 MP: 4/4
  2167 | D:3      | Reached XP level 6. HP: 48/61 MP: 5/5
  2573 | D:4      | Found a sparkling altar of Nemelex Xobeh.
  2614 | D:4      | Noticed Natasha
  2625 | D:4      | Killed Natasha
  2625 | D:4      | Reached skill level 5 in Unarmed Combat
  2629 | D:4      | Noticed Natasha
  2633 | D:4      | You fall into a shaft and drop 3 floors!
  2769 | D:7      | Reached XP level 7. HP: 34/68 MP: 6/6
  2906 | D:7      | Reached skill level 6 in Unarmed Combat
  2916 | D:7      | Found a staircase to the Ecumenical Temple.
  3037 | Temple   | Entered the Ecumenical Temple
  3220 | Temple   | Became a worshipper of Trog the Wrathful
  3417 | D:7      | Reached XP level 8. HP: 31/79 MP: 7/7
  3619 | D:6      | Reached skill level 7 in Unarmed Combat
  3642 | D:5      | Entered Level 5 of the Dungeon
  3780 | D:4      | Killed Natasha
  3782 | D:4      | Noticed Sigmund
  3861 | D:4      | Reached * piety under Trog
  3866 | D:4      | Killed Sigmund
  3916 | D:4      | Noticed Menkaure
  3923 | D:4      | Killed Menkaure
  3923 | D:4      | Reached skill level 5 in Fighting
  3923 | D:4      | Reached skill level 5 in Shields
  3957 | D:4      | Noticed Ijyb
  3960 | D:4      | Killed Ijyb
  4028 | D:4      | Noticed Pikel
  4041 | D:4      | Killed Pikel
  4041 | D:4      | Reached skill level 8 in Unarmed Combat
  4041 | D:4      | Reached XP level 9. HP: 88/88 MP: 8/8
  4134 | D:4      | Found Fiecauz's Jewellery Shoppe.
  4193 | D:4      | Noticed Natasha
  4199 | D:4      | Killed Natasha
  4565 | D:5      | Noticed Blork the orc
  4569 | D:5      | Killed Blork the orc
  4600 | D:5      | Reached skill level 9 in Unarmed Combat
  5114 | D:6      | Reached ** piety under Trog
  5581 | D:7      | Noticed Harold
  5594 | D:7      | Killed Harold
  5594 | D:7      | Reached skill level 10 in Unarmed Combat
  5620 | D:7      | Reached XP level 10. HP: 72/100 MP: 9/9
  6203 | D:8      | Reached *** piety under Trog
  6266 | D:8      | Found a staircase to the Lair.
  6434 | D:8      | Found a stormy altar of Qazlal.
  6482 | D:8      | Found a shimmering blue altar of Sif Muna.
  6548 | D:8      | Found a hide-covered altar of Uskayaw.
  6548 | D:8      | Found a hazy altar of Hepliaklqana.
  6910 | D:9      | Noticed Psyche
  6917 | D:9      | Noticed Joseph
  6918 | D:9      | Killed Psyche
  6918 | D:9      | Reached skill level 11 in Unarmed Combat
  6919 | D:9      | Found an iron altar of Okawaru.
  6930 | D:9      | Killed Joseph
  7238 | D:9      | Noticed Maurice
  7509 | D:9      | Killed Maurice
  7746 | D:10     | Entered Level 10 of the Dungeon
  7945 | D:10     | Reached **** piety under Trog
  8177 | D:10     | Noticed Erica
  8189 | D:10     | Killed Erica
  8189 | D:10     | Reached XP level 11. HP: 80/110 MP: 10/10
  8592 | D:11     | Noticed a two-headed ogre
  8604 | D:11     | Killed a two-headed ogre
  8604 | D:11     | Reached skill level 12 in Unarmed Combat
  9459 | D:11     | Noticed a two-headed ogre
  9470 | D:11     | Killed a two-headed ogre
  9556 | D:11     | Noticed a deep elf mage
  9558 | D:11     | Noticed a two-headed ogre
  9570 | D:11     | Killed a deep elf mage
  9586 | D:11     | Killed a two-headed ogre
  9708 | D:11     | Got a serpentine iron ring
  9741 | D:11     | Reached ***** piety under Trog
  9741 | D:11     | Received a gift from Trog
  9769 | D:11     | Got a smoking platinum amulet
  9770 | D:11     | Identified the amulet of Vampiric Thralls {Faith Str+3}
                  | (You found it on level 11 of the Dungeon)
  9772 | D:11     | Identified the ring of Lugonu's Castigation {+Inv rF-
                  | Slay+5 SInv Stlth-} (You found it on level 11 of the
                  | Dungeon)
  9805 | D:11     | Found a staircase to the Orcish Mines.
  9809 | D:11     | Noticed a red ugly thing
  9815 | D:11     | Killed a red ugly thing
 10377 | D:12     | Noticed a two-headed ogre
 10382 | D:12     | Killed a two-headed ogre
 10382 | D:12     | Reached skill level 1 in Throwing
 10382 | D:12     | Reached skill level 1 in Armour
 10429 | D:12     | Reached skill level 1 in Evocations
 10520 | D:12     | Noticed a two-headed ogre
 10526 | D:12     | Killed a two-headed ogre
 10552 | D:12     | Noticed a seven-headed hydra
 10562 | D:12     | Killed a 12-headed hydra
 10562 | D:12     | Reached XP level 12. HP: 122/122 MP: 10/12
 10690 | D:12     | Found a runed translucent gate.
 10690 | D:12     | Found a runed translucent gate.
 10690 | D:12     | Found a runed translucent gate.
 10691 | D:12     | Noticed an 11-headed hydra
 10692 | D:12     | Noticed Anathematize's ghost (journeyman DEWz)
 10692 | D:12     | Noticed an 11-headed hydra
 11155 | D:12     | Got an ancient robe
 11166 | D:12     | Identified the +2 robe of Ockuv {Str+3} (You found it on
                  | level 12 of the Dungeon)
 11285 | D:13     | Noticed a centaur warrior
 11297 | D:13     | Killed a centaur warrior
 11512 | D:13     | Noticed a two-headed ogre
 11524 | D:13     | Reached skill level 13 in Unarmed Combat
 11528 | D:13     | Killed a two-headed ogre
 11581 | D:13     | Found a runed translucent gate.
 11582 | D:13     | Found a runed translucent gate.
 11584 | D:13     | Found a runed translucent gate.
 11587 | D:13     | Noticed Geaxo's ghost (journeyman FeTm)
 12156 | D:13     | Noticed Rupert
 12162 | D:13     | Killed Rupert
 12162 | D:13     | Reached XP level 13. HP: 131/131 MP: 14/14
 13064 | D:14     | Reached skill level 5 in Dodging
 13149 | D:14     | Found a gate to the Vaults.
 13403 | D:14     | Noticed Snorg
 13419 | D:14     | Killed Snorg
 13734 | D:14     | Reached skill level 5 in Throwing
 13748 | D:14     | Received a gift from Trog
 14086 | D:14     | Reached skill level 10 in Fighting
 14094 | D:14     | Reached skill level 5 in Armour
 14449 | D:14     | Found a glowing silver altar of Zin.
 14450 | D:14     | Noticed an angel
 14480 | D:14     | Found Aqanaiqu's Elemental Accessories.
 14596 | D:14     | Found a sparkling altar of Nemelex Xobeh.
 14654 | D:15     | Entered Level 15 of the Dungeon
 14861 | D:15     | Received a gift from Trog
 14861 | D:15     | Reached XP level 14. HP: 143/143 MP: 16/16
 14864 | D:15     | Reached skill level 14 in Unarmed Combat
 14877 | D:15     | Got a translucent double sword {god gift}
 15206 | D:15     | Reached skill level 5 in Evocations
 15527 | D:15     | Received a gift from Trog
 15595 | D:15     | Got a crude quick blade {god gift}
 15608 | D:15     | Found a staircase to the Depths.
 15667 | Depths:1 | Entered Level 1 of the Depths
 15969 | Lair:1   | Entered Level 1 of the Lair of Beasts
 16095 | Lair:1   | Found a dark tunnel.
 16104 | Volcano  | Entered a volcano
 17247 | Lair:2   | Identified the +8 double sword "Uloqu" {vorpal, +Inv rPois
                  | Dex-5} (Trog gifted it to you on level 15 of the Dungeon)
 17248 | Lair:2   | Identified the +2 quick blade of the Absolute Madman
                  | {vorpal, +Fly MR++ Int+2} (Trog gifted it to you on level
                  | 15 of the Dungeon)
 17489 | Lair:2   | Received a gift from Trog
 17777 | Lair:2   | Found a hole to the Spider Nest.
 18751 | Lair:3   | Found a staircase to the Shoals.
 18854 | Lair:3   | Received a gift from Trog
 19778 | Lair:4   | Reached XP level 15. HP: 152/152 MP: 18/18
 19808 | Lair:4   | Found a gate leading to a gauntlet.
 19822 | Gauntlet | Entered a Gauntlet
 19822 | Gauntlet | Found a transporter.
 19830 | Gauntlet | Found a transporter.
 19832 | Gauntlet | Found a transporter.
 19840 | Gauntlet | Found a transporter.
 19842 | Gauntlet | Found a transporter.
 19852 | Gauntlet | Found a transporter.
 19867 | Gauntlet | Found a runed translucent door.
 19868 | Gauntlet | Found a transporter.
 19869 | Gauntlet | Found a runed translucent door.
 19878 | Gauntlet | Found a transporter.
 19885 | Gauntlet | Found a runed translucent gate.
 19885 | Gauntlet | Found a runed translucent gate.
 19885 | Gauntlet | Found a runed translucent gate.
 19888 | Gauntlet | Found a transporter.
 19905 | Gauntlet | Found a transporter.
 19914 | Gauntlet | Found a transporter.
 19916 | Gauntlet | Found a transporter.
 19975 | Gauntlet | Found a transporter.
 19975 | Gauntlet | Found a transporter.
 20160 | Gauntlet | Received a gift from Trog
 20193 | Gauntlet | Got a spiked cloak
 20206 | Gauntlet | Identified the -3 cloak of Unambiguity {+Fly Regen+ Str-3
                  | Stlth+} (You found it in a Gauntlet)
 20217 | Gauntlet | Identified the amulet "Cais" {Reflect rElec Int+2 SH+3}
 20241 | Gauntlet | Found the macabre finger necklace {rN+}
 20535 | Lair:4   | Found a runed translucent gate.
 20535 | Lair:4   | Found a runed translucent gate.
 20535 | Lair:4   | Found a runed translucent gate.
 20536 | Lair:4   | Noticed Voakhlei's ghost (journeyman MfTm)
 20577 | Lair:4   | Killed Voakhlei's ghost
 21521 | Lair:5   | Noticed Sonja
 21533 | Lair:5   | Killed Sonja
 21879 | Lair:5   | Found a viscous altar of Jiyva.
 21880 | Lair:5   | Found a staircase to the Slime Pits.
 22177 | Lair:6   | Entered Level 6 of the Lair of Beasts
 22527 | Lair:6   | Reached skill level 15 in Unarmed Combat
 24801 | Orc:1    | Entered Level 1 of the Orcish Mines
 25033 | Orc:1    | Noticed Fannar
 25044 | Orc:1    | Killed Fannar
 25317 | Orc:1    | Found a roughly hewn altar of Beogh.
 25544 | Orc:2    | Entered Level 2 of the Orcish Mines
 25739 | Orc:2    | Received a gift from Trog
 25749 | Orc:2    | Reached XP level 16. HP: 153/163 MP: 20/20
 25928 | Orc:2    | Found Beoment's Antique Weapon Boutique.
 25963 | Orc:2    | Found Barrowoz's General Store.
 25976 | Orc:2    | Bought a potion of curing for 42 gold pieces
 25976 | Orc:2    | Bought 2 potions of haste for 280 gold pieces
 26622 | Orc:2    | Found Ofex's Jewellery Boutique.
 26630 | Orc:2    | Bought the ring of Symmetry {rF+ rC+ Dex+4} for 711 gold
                  | pieces
 26630 | Orc:2    | Bought an uncursed ring of poison resistance for 300 gold
                  | pieces
 26630 | Orc:2    | Bought the ring of the Mage {Wiz MR++ Int+3} for 775 gold
                  | pieces
 26630 | Orc:2    | Found the ring of the Mage {Wiz MR++ Int+3}
 26693 | Orc:2    | Found Uruothreo's Antique Armour Boutique.
 26701 | Orc:2    | Bought a glowing scarf for 304 gold pieces
 26850 | Orc:2    | Found a staircase to the Elven Halls.
 26880 | Elf:1    | Entered Level 1 of the Elven Halls
 27135 | Elf:1    | Received a gift from Trog
 27390 | Elf:1    | Noticed Frances
 27440 | Elf:1    | Killed Frances
 27507 | Elf:1    | Found a runed translucent gate.
 27507 | Elf:1    | Found a runed translucent gate.
 27507 | Elf:1    | Found a runed translucent gate.
 27507 | Elf:1    | Noticed a titan
 27508 | Elf:1    | Noticed Dos Moze's ghost (adept TeAE)
 28114 | Elf:1    | Received a gift from Trog
 28440 | Elf:1    | Found an iron altar of Okawaru.
 28450 | Elf:1    | Found Dietypn's Gadget Boutique.
 28450 | Elf:1    | Found Ygginan's Jewellery Emporium.
 28451 | Elf:1    | Found Voaq's Gadget Boutique.
 29072 | Elf:2    | Received a gift from Trog
 29080 | Elf:2    | Reached XP level 17. HP: 165/172 MP: 22/22
 29525 | Elf:2    | Found a huge runed translucent gate.
 29525 | Elf:2    | Found a huge runed translucent gate.
 29525 | Elf:2    | Found a huge runed translucent gate.
 29525 | Elf:2    | Found a huge runed translucent gate.
 29525 | Elf:2    | Found a huge runed translucent gate.
 29600 | Elf:3    | Entered Level 3 of the Elven Halls
 29753 | Elf:3    | Found Suutt's Jewellery Boutique.
 29775 | Elf:3    | Reached skill level 10 in Throwing
 30429 | Elf:3    | Received a gift from Trog
 30448 | Elf:3    | Noticed a deep elf master archer
 30449 | Elf:3    | Noticed a deep elf blademaster
 30470 | Elf:3    | Killed a deep elf master archer
 30503 | Elf:3    | Noticed a deep elf blademaster
 30511 | Elf:3    | Killed a deep elf blademaster
 30752 | Elf:3    | Killed a deep elf blademaster
 30752 | Elf:3    | Reached skill level 16 in Unarmed Combat
 30939 | Elf:3    | Noticed a deep elf master archer
 30992 | Elf:3    | Killed a deep elf master archer
 31591 | Elf:3    | Found Suutt's Jewellery Boutique.
 31843 | Elf:3    | Noticed a deep elf blademaster
 31862 | Elf:3    | Killed a deep elf blademaster
 31878 | Elf:3    | Noticed a deep elf master archer
 31901 | Elf:3    | Killed a deep elf master archer
 32292 | Elf:3    | Noticed a deep elf master archer
 32308 | Elf:3    | Killed a deep elf master archer
 32308 | Elf:3    | Reached skill level 10 in Dodging
 32313 | Elf:3    | Noticed a deep elf master archer
 32338 | Elf:3    | Killed a deep elf master archer
 32348 | Elf:3    | Killed a ghostly deep elf master archer
 32356 | Elf:3    | Mangled by a large abomination

Levels and vault maps discovered:
D:1:      dpeg_arrival_subterranean_lakeside_camping, layout_loops_ring
D:2:      layout_loops_corners
D:3:      minmay_diamond_boxcup, layout_loops_ring, serial_forest,
          infiniplex_forest_clump_small, infiniplex_forest_clump_long,
          infiniplex_forest_clump_small, infiniplex_forest_lined_3,
          infiniplex_forest_lined_2, minmay_misc_feat_tiny,
          chequers_serial_rivers_room_b, minmay_mini_jars
D:4:      layout_loops_ring, nemelex_xobeh_ov_fountains_minmay, serial_shops,
          shop, uniq_pikel, uniq_natasha, uniq_ijyb, uniq_menkaure, uniq_sigmund
D:5:      layout_cave_pools, first_ration, uniq_blork_the_orc
D:6:      layout_basic
D:7:      layout_basic, minmay_temple_entry_slanted, uniq_harold
D:8:      layout_basic, nicolae_overflow_hidden_temple, grunt_qazlal_sundering,
          gammafunk_temple_overflow_wave
D:9:      layout_gridville, okawaru_trees_2, the_bakery, uniq_psyche,
          uniq_maurice, uniq_joseph
D:10:     layout_small_grid, serial_glass, glass_columns_a, glass_columns_a,
          uniq_erica
D:11:     minmay_the_grid_triangle_9x9_rhombus_thin_mashed
          [minmay_the_grid_triangle_9x9_odd_lines,
          minmay_the_grid_triangle_9x9_prize_insulated,
          minmay_the_grid_triangle_9x9_dagger,
          minmay_the_grid_triangle_9x9_cache], layout_grid_maze,
          minmay_misc_feat_hallway
D:12:     layout_irregular_city, gammafunk_ghost_hydra_chop, serial_rivers,
          chequers_serial_rivers_micro_a, chequers_serial_rivers_room_b,
          chequers_serial_rivers_large_b, chequers_serial_rivers_room_a,
          chequers_serial_rivers_room_a
D:13:     layout_basic, gammafunk_ghost_nasty_kobolds,
          einodemon_barbed_minivault, uniq_rupert
D:14:     layout_roguey, lightli_vaults_fourway_checkpoint, zin_angel,
          nicolae_elemental_shop, nemelex_diamond_rough_becter, uniq_snorg
D:15:     gammafunk_enter_depths_forms, layout_gridville, serial_ice,
          serial_ice_k, serial_ice_f, serial_ice_o, serial_ice_h, serial_ice_a,
          serial_ice_g, serial_ice_e, serial_ice_n,
          chequers_serial_rivers_room_b
Temple:   eino_temple_scatter_basement
Lair:1:   layout_misc_corridors, lightli_volcano_entry_magma_tube, wad_woods_06
Lair:2:   layout_long_grid, dummy_spider_entry, minivault_27,
          chequers_serial_rivers_large_a
Lair:3:   regret_index_combs_of_tragedy, layout_cave_pods,
          minmay_shoals_entry_lonely_mermaid, worms_lemuel
Lair:4:   layout_regular_city, ebering_ghost_rock_garden, gauntlet_entry_generic
Lair:5:   layout_roguey, slime_altar_1, grunt_megastairs_1, uniq_sonja
Lair:6:   guppyfry_lair_end_dragon, layout_long_grid, minivault_24,
          infiniplex_staircase_pool_2, grunt_megastairs_3
Orc:1:    lemuel_ogre_cave, layout_caves, basic_altar,
          statue_in_the_mist_lemuel, uniq_fannar
Orc:2:    grunt_orc_gardens, layout_caves, grunt_orc_garden, grunt_orc_garden,
          grunt_orc_garden, grunt_orc_garden
Elf:1:    elf_arrival_001, layout_geoelf_diagonals,
          gammafunk_ghost_fury_of_okawaru, minivault_28, minmay_shop_grove,
          uniq_frances
Elf:2:    layout_geoelf_octagon, st_stairs_7
Elf:3:    minmay_elf_hall, layout_geoelf_castle, serial_shops, shop
Depths:1: minmay_distorted_concentric_squares, layout_gridville,
          gammafunk_ghost_berserking_beasts, pf_vacation_house_of_asmodeus,
          chequers_serial_rivers_micro_c, kennysheep_generic_room_8, uniq_sojobo

Skill      XL: |  1  2  3  4  5  6  7  8  9 10 11 12 13 14 15 16 17 |
---------------+----------------------------------------------------+-----
Unarmed Combat | 3 4 5 6 8 10 11 12 13 14 15 16 | 16.2
Fighting       | 3 4 5 6 7 8 9 10 11 12 | 12.5
Shields        | 3 4 5 6 7 9 |  9.0
Throwing       | 1 4 5 7 8 9 10 | 10.5
Armour         | 1 4 5 6 7 8 9 |  9.6
Evocations     | 1 3 4 6 7 8 |  8.8
Dodging        | 3 4 6 7 8 9 10 | 10.0

Action                   |  1- 3 |  4- 6 |  7- 9 | 10-12 | 13-15 | 16-18 || total
-------------------------+-------+-------+-------+-------+-------+-------++-------
Melee: Unarmed           |    80 |   189 |   254 |   654 |  1342 |   719 ||  3238
Throw: Dart              |       |       |       |     3 |       |       ||     3
       Large rock        |       |       |       |       |    10 |     4 ||    14
Invok: Berserk           |       |       |     1 |     8 |    20 |    11 ||    40
       Trog's Hand       |       |       |       |     4 |     3 |     1 ||     8
       Brothers in Arms  |       |       |       |       |     2 |       ||     2
 Abil: Evoke Invisibilit |       |       |       |       |     2 |       ||     2
       Evoke Flight      |       |       |       |       |     1 |       ||     1
Evoke: Wand              |       |       |       |     2 |     3 |     1 ||     6
  Use: Potion            |       |     5 |       |     1 |     2 |     5 ||    13
       Scroll            |       |       |    12 |     5 |    14 |    10 ||    41
 Stab: Invisible         |       |       |       |       |     4 |       ||     4
       Distracted        |       |       |       |       |     1 |       ||     1
  Eat: Chunk             |    12 |    18 |    28 |    65 |   156 |    66 ||   345
       Ration            |       |       |       |       |     2 |       ||     2
Armor: Robe              |    37 |    50 |    54 |   147 |   154 |       ||   442
       Skin              |       |    23 |     4 |     4 |     8 |       ||    39
       Fire dragon scale |       |       |       |       |     8 |   159 ||   167
Dodge: Dodged            |    30 |    46 |    57 |   155 |   536 |   266 ||  1090
Block: Kite shield       |    35 |    90 |    92 |   271 |   588 |   364 ||  1440
       Reflection        |       |       |       |       |       |    30 ||    30

Table legend:
 A = Non-vault XP
 B = Vault XP
 C = Vault XP percentage of total XP
 D = Non-vault monster count
 E = Vault monster count
 F = Vault count percentage of total count
                 A         B        C        D         E       F
            +---------+---------+-------+---------+---------+-------
      Total |  151899 |  117790 |  43.7 |     676 |     277 |  29.1
            +---------+---------+-------+---------+---------+-------
        D:1 |      32 |       8 |  20.0 |      18 |       6 |  25.0
        D:2 |      76 |       0 |   0.0 |      20 |       0 |   0.0
        D:3 |     130 |     207 |  61.4 |      22 |      17 |  43.6
        D:4 |     234 |    1141 |  83.0 |      21 |       5 |  19.2
        D:5 |     689 |      96 |  12.2 |      20 |       1 |   4.8
        D:6 |     795 |       0 |   0.0 |      19 |       0 |   0.0
        D:7 |    1880 |     976 |  34.2 |      39 |       1 |   2.5
        D:8 |     595 |       0 |   0.0 |      19 |       0 |   0.0
        D:9 |    1181 |    1560 |  56.9 |      27 |       4 |  12.9
       D:10 |    1576 |     923 |  36.9 |      32 |       1 |   3.0
       D:11 |    2446 |    4490 |  64.7 |      20 |      18 |  47.4
       D:12 |    4960 |       0 |   0.0 |      14 |       0 |   0.0
       D:13 |   11070 |    8561 |  43.6 |      25 |      15 |  37.5
       D:14 |   11773 |    5543 |  32.0 |      56 |      10 |  15.2
       D:15 |    8283 |    5840 |  41.4 |      27 |      26 |  49.1
     Lair:1 |    3226 |     109 |   3.3 |      16 |       1 |   5.9
     Lair:2 |    6452 |       0 |   0.0 |      27 |       0 |   0.0
     Lair:3 |    4978 |    6577 |  56.9 |      19 |      49 |  72.1
     Lair:4 |   11408 |    1281 |  10.1 |      33 |       1 |   2.9
     Lair:5 |    5587 |    4063 |  42.1 |      24 |      11 |  31.4
     Lair:6 |   11524 |    5112 |  30.7 |      41 |      17 |  29.3
      Orc:1 |    2968 |    3777 |  56.0 |      16 |      13 |  44.8
      Orc:2 |    3769 |    9877 |  72.4 |      30 |      21 |  41.2
      Elf:1 |   22883 |   12341 |  35.0 |      37 |      15 |  28.8
      Elf:2 |   22053 |    5368 |  19.6 |      34 |       8 |  19.0
      Elf:3 |    9373 |   31853 |  77.3 |      17 |      17 |  50.0
   Depths:1 |    1958 |       0 |   0.0 |       3 |       0 |   0.0
    Volcano |       0 |    2810 | 100.0 |       0 |       8 | 100.0
   Gauntlet |       0 |    5277 | 100.0 |       0 |      12 | 100.0
            +---------+---------+-------+---------+---------+-------
